 Dungeon Crawl Stone Soup version 0.26-a0-466-g989023bd0d (webtiles) character file.

Game seed: 4570134737127606246

3328 pk666 the Thaumaturge (level 9, -1/45 HPs)
             Began as a Deep Elf Hedge Wizard on Aug 10, 2020.
             Was a Believer of Vehumet.
             Slain by a yak (17 damage)
             ... on level 9 of the Dungeon.
             The game lasted 00:37:29 (12268 turns).

pk666 the Thaumaturge (Deep Elf Hedge Wizard)      Turns: 12268, Time: 00:37:30

Health: -1/45      AC:  7    Str: 11    XL:     9   Next: 71%
Magic:  12/25      EV: 17    Int: 23    God:    Vehumet [**....]
Gold:   749        SH:  0    Dex: 14    Spells: 12/28 levels left

rFire    + + +     SeeInvis .   u - +9 mace "Afeno" {flame, +Fly Str+4 Stlth+}
rCold    . . .     Faith    .   (no shield)
rNeg     . . .     Spirit   .   b - +0 robe
rPois    .         Reflect  .   c - +0 hat
rElec    .         Harm     .   k - +2 cloak
rCorr    .                      I - +0 pair of gloves
MR       .....                  F - +0 pair of boots of Entitlement {rF++}
Stlth    +++.......             (no amulet)
HPRegen  0.15/turn              g - +4 ring of evasion
MPRegen  0.19/turn              o - ring of protection from fire

@: no status effects
A: no striking features
a: Renounce Religion, Evoke Flight


You were on level 9 of the Dungeon.
You worshipped Vehumet.
Vehumet was pleased with you.
You visited 2 branches of the dungeon, and saw 10 of its levels.
You also visited: Sewer.

You collected 833 gold pieces.
You spent 84 gold pieces at shops.

Inventory:

Hand Weapons
 a - a +1 dagger
 u - the +9 mace "Afeno" (weapon) {flame, +Fly Str+4 Stlth+}
   (You found it on level 4 of the Dungeon)

   It has been specially enchanted to burn those struck by it, causing extra
   injury to most foes and up to half again as much damage against particularly
   susceptible opponents.
   It affects your strength (+4).
   It lets you fly.
   It makes you more stealthy.
 L - the +6 spear "Qozaxud" {vamp, MR- Int+3}
   (You found it on level 9 of the Dungeon)

   It inflicts no extra harm, but heals its wielder when it wounds a living foe.
   It affects your intelligence (+3).
   It affects your resistance to hostile enchantments.
Armour
 b - a +0 robe (worn)
 c - a +0 hat (worn)
 k - a +2 cloak (worn)
 F - the +0 pair of boots of Entitlement (worn) {rF++}
   (You found it on level 6 of the Dungeon)

   It greatly protects you from fire.
 I - a +0 pair of gloves (worn)
Magical Staves
 M - an uncursed staff of poison {unknown}
Jewellery
 g - a +4 ring of evasion (left hand)
 o - a ring of protection from fire (right hand)
 s - an uncursed ring of positive energy
 B - an uncursed ring of ice
 D - an uncursed ring of flight
Wands
 h - a wand of random effects (16)
 q - a wand of disintegration (31)
 y - a wand of flame (11)
 A - a wand of polymorph (12)
Scrolls
 d - 4 scrolls of immolation
 e - a scroll of fog
 f - 4 scrolls of enchant weapon
 i - 2 scrolls of teleportation
 w - 3 scrolls of magic mapping
 C - a scroll of random uselessness {unknown}
 E - 2 scrolls of noise {unknown}
 G - a scroll of amnesia
 H - a scroll of enchant armour {unknown}
 J - a scroll of remove curse
 K - a scroll of identify
Potions
 j - 5 potions of curing
 l - 4 potions of heal wounds
 m - a potion of invisibility {unknown}
 n - 2 potions of brilliance {unknown}
 p - 2 potions of stabbing
 r - a potion of degeneration {unknown}
 t - a potion of lignification {unknown}
 v - a potion of haste {unknown}
 x - a potion of resistance {unknown}
 z - 2 potions of mutation


   Skills:
 - Level 2.4 Dodging
 - Level 2.4 Stealth
 + Level 10.2 Spellcasting
 + Level 7.7 Conjurations
 - Level 5.0 Summonings
 - Level 2.0 Translocations
 + Level 7.2 Fire Magic
 - Level 4.0 Air Magic
 - Level 2.0 Poison Magic


You had 12 spell levels left.
You knew the following spells:

 Your Spells              Type           Power        Failure   Level
a - Magic Dart            Conj           ####         1%          1
b - Blink                 Tloc           N/A          3%          2
c - Conjure Flame         Conj/Fire      #####...     1%          3
d - Mephitic Cloud        Conj/Pois/Air  ####....     2%          3
e - Call Imp              Summ           ####....     1%          2
f - Summon Lightning Spi  Summ/Air       ####....     9%          4
g - Apportation           Tloc           ###...       2%          1

Your spell library contained the following spells:

 Spells                   Type           Power        Failure   Level
 Dazzling Flash           Conj/Hex       ####..       3%          3
 Summon Small Mammal      Summ           ####         1%          1
 Call Canine Familiar     Summ           ####....     2%          3
 Animate Skeleton         Necr           ##....       5%          1
 Corona                   Hex            ##.....      5%          1
 Summon Guardian Golem    Hex/Summ       ###.....     6%          3
 Slow                     Hex            ##......     9%          2
 Summon Ice Beast         Ice/Summ       ###.....     21%         4


Dungeon Overview and Level Annotations

Branches:
Dungeon (9/15)             Temple (1/1) D:6             Orc (0/2) D:9
  Sewer (visited)
   Lair: D:8-11

Altars:
Ashenzari
Cheibriados
Dithmenos
Elyvilon
Fedhas
Gozag
Hepliaklqana
Kikubaaqudgha
Makhleb
Nemelex Xobeh
Okawaru
Qazlal
Ru
Sif Muna
Trog
Uskayaw
Vehumet
Wu Jian
Xom
Yredelemnul
Zin
The Shining One

Shops:
D:7 ?


Message History

The yak gores you. x2
You hit the yak but do no damage.
The yak is almost dead.
The yak gores you. The yak gores you!
Unknown command.
You hit the yak. You burn the yak.
You kill the yak!
Vehumet accepts your kill. The yak gores you!
* * * LOW HITPOINT WARNING * * *
The yak barely misses you.
The yak seems less confused.
The yak misses you.
You see here a yak corpse.
Found a whip.
Found a metal-bound book.
The yak seems less confused.
Found a purple potion.
You see here a whip.
The yak gores you!
You die...

#.........#
###........#.#
#....)....#
#........#.#
#.........#
#....).....#
##.########
#..!.....### #÷..#
#######.## ###)#######
#....# #####+
#.........#### ##.#####
#.....
#.........'..###Y.....#
#....?
#.........##...@......#
#z...[
#.........######.>....#
#..... #.........#
#......# +...<.
#......†..# #......+
#..z.. #.........#
#......# ######
#......†..# #......#
#.........# #......#
########### ###..###
####...##


You could see a yak.

Vanquished Creatures
  A troll (D:9)
  A hippogriff (D:6)
  2 yaks (D:9)
  A water moccasin (D:9)
  A sky beast (D:8)
  Purgy (Sewer)
  An orc warrior (D:6)
  2 phantoms (D:7)
  2 ogres (D:6)
  3 centaurs
  A big kobold (D:9)
  2 bullfrogs
  2 killer bees (D:8)
  A wight (D:9)
  3 howler monkeys (D:9)
  A bullfrog zombie (D:6)
  2 hounds (D:5)
  2 jellies
  A quasit (D:9)
  3 orc priests
  A centaur skeleton (D:8)
  A gnoll shaman (D:7)
  A bullfrog skeleton (D:6)
  5 worker ants
  Robin (D:2)
  3 gnolls (D:9)
  14 adders
  A river rat (D:4)
  A shadow imp (D:6)
  A white imp (D:4)
  An ufetubus (D:5)
  3 oozes
  2 adder skeletons (D:4)
  2 adder zombies
  5 worms
  7 leopard geckos
  11 orcs
  22 bats
  A giant cockroach (D:6)
  10 goblins
  8 hobgoblins
  4 jackals
  A quokka (D:2)
  3 ball pythons (D:4)
  9 frilled lizards
  13 kobolds
  A quokka zombie (D:5)
  7 rats
172 creatures vanquished.

Vanquished Creatures (collateral kills)
  Maggie (D:7)
  A yak (D:9)
  A phantom (D:4)
  A centaur (D:5)
  A bullfrog (D:6)
  2 killer bees (D:8)
  A howler monkey (D:9)
  A wight (D:8)
  2 jellies (D:9)
  An iguana (D:9)
  A shadow imp (D:8)
  A white imp (D:9)
  An orc (D:3)
  A giant cockroach (D:6)
  A goblin (D:2)
  A hobgoblin (D:2)
  2 kobolds (D:9)
20 creatures vanquished.

Grand Total: 192 creatures vanquished

Notes
Turn   | Place    | Note
-------+----------+-------------------------------------------
     0 | D:1      | pk666 the Deep Elf Hedge Wizard began the quest for the
                  | Orb.
     0 | D:1      | Reached XP level 1. HP: 10/10 MP: 7/7
   244 | D:1      | Reached XP level 2. HP: 15/15 MP: 3/9
   301 | D:1      | Learned a level 2 spell: Blink
   550 | D:1      | Reached skill level 5 in Spellcasting
  1069 | D:1      | Reached XP level 3. HP: 19/19 MP: 7/11
  1074 | D:1      | Learned a level 3 spell: Conjure Flame
  1078 | D:1      | Learned a level 3 spell: Mephitic Cloud
  1081 | D:1      | Learned a level 2 spell: Call Imp
  2339 | D:2      | Noticed Robin
  2442 | D:2      | Reached XP level 4. HP: 24/24 MP: 5/13
  2526 | D:2      | Found a hazy altar of Hepliaklqana.
  2788 | D:2      | Found a shimmering blue altar of Sif Muna.
  2789 | D:2      | Found a radiant altar of Vehumet.
  2789 | D:2      | Found a white marble altar of Elyvilon.
  2789 | D:2      | Found a burning altar of Makhleb.
  2789 | D:2      | Found a shimmering altar of Xom.
  2790 | D:2      | Found a snail-covered altar of Cheibriados.
  2800 | D:2      | Became a worshipper of Vehumet
  2908 | D:2      | Reached skill level 1 in Poison Magic
  3274 | D:2      | Killed Robin
  3451 | D:3      | Reached skill level 1 in Fire Magic
  3790 | D:3      | Reached skill level 1 in Air Magic
  4163 | D:3      | Reached XP level 5. HP: 28/28 MP: 11/15
  4169 | D:3      | Reached * piety under Vehumet
  4169 | D:3      | Offered knowledge of Freeze by Vehumet.
  4663 | D:4      | Noticed a phantom
  4705 | D:4      | Killed a phantom
  4925 | D:4      | Found a glowing drain.
  4943 | D:4      | Got a twisted mace
  4961 | Sewer    | Entered a sewer
  4969 | Sewer    | Reached XP level 6. HP: 32/32 MP: 7/16
  5047 | Sewer    | Noticed Purgy
  5150 | Sewer    | Killed Purgy
  5150 | Sewer    | Reached skill level 6 in Spellcasting
  5789 | D:5      | Entered Level 5 of the Dungeon
  6198 | D:5      | Found a blossoming altar of Fedhas.
  6375 | D:5      | Reached XP level 7. HP: 31/36 MP: 13/18
  6889 | D:6      | Reached skill level 7 in Spellcasting
  7005 | D:6      | Reached skill level 5 in Conjurations
  7102 | D:6      | Noticed a hippogriff
  7156 | D:6      | Killed a hippogriff
  7156 | D:6      | Reached skill level 8 in Spellcasting
  7156 | D:6      | Reached XP level 8. HP: 17/41 MP: 7/22
  7167 | D:6      | Reached ** piety under Vehumet
  7167 | D:6      | Offered knowledge of Foxfire by Vehumet.
  7422 | D:6      | Got a pair of crude boots
  7433 | D:6      | Identified the +0 pair of boots of Entitlement {rF++} (You
                  | found it on level 6 of the Dungeon)
  7511 | D:6      | Found a staircase to the Ecumenical Temple.
  7513 | D:6      | Found the +6 shillelagh "Devastator" {shatter}
  7517 | Temple   | Entered the Ecumenical Temple
  7671 | D:6      | Reached skill level 5 in Fire Magic
  8055 | D:7      | Learned a level 4 spell: Summon Lightning Spire
  8158 | D:7      | Found a shattered altar of Ashenzari.
  8279 | D:7      | Noticed Maggie
  8307 | D:7      | Killed Maggie
  8784 | D:7      | Reached skill level 9 in Spellcasting
  8989 | D:7      | Found Rurr's Magic Scroll Shop.
  9003 | D:7      | Bought a scroll of teleportation for 39 gold pieces
  9003 | D:7      | Bought a scroll of amnesia for 45 gold pieces
  9276 | D:7      | Identified the +9 mace "Afeno" {flame, +Fly Str+4 Stlth+}
                  | (You found it on level 4 of the Dungeon)
  9780 | D:8      | Reached XP level 9. HP: 28/45 MP: 8/24
  9894 | D:8      | Found an ancient bone altar of Kikubaaqudgha.
 11027 | D:8      | Learned a level 1 spell: Apportation
 11186 | D:9      | Noticed a troll
 11196 | D:9      | Killed a troll
 11328 | D:9      | Got a brightly glowing spear
 11329 | D:9      | Identified the +6 spear "Qozaxud" {vamp, MR- Int+3} (You
                  | found it on level 9 of the Dungeon)
 11834 | D:9      | Offered knowledge of Dazzling Flash by Vehumet.
 12127 | D:9      | Reached skill level 10 in Spellcasting
 12181 | D:9      | Found a staircase to the Orcish Mines.
 12222 | D:9      | Reached skill level 5 in Summonings
 12268 | D:9      | Slain by a yak

Illustrated notes

Levels and vault maps discovered:
D:1:      dpeg_arrival_rooms_a, layout_basic, kennysheep_nondescript
D:2:      layout_basic, grunt_temple_overflow_open, uniq_robin
D:3:      layout_rooms, chequers_serial_rivers_micro_a
D:4:      layout_loops_ring, cheibrodos_sewer_entry_sluice
D:5:      layout_basic, fedhas_ov_isle_minmay
D:6:      layout_basic, temple_green
D:7:      layout_basic, serial_shops, nicolae_shop_behind_doors, basic_altar,
          minmay_between, uniq_maggie
D:8:      layout_layer_cave, overflow_temple_1_default
D:9:      layout_roguey, orc_david_3, serial_shops, nicolae_shop_behind_doors
Temple:   eino_temple_lava

Skill      XL: |  1  2  3  4  5  6  7  8  9 |
---------------+----------------------------+-----
Spellcasting   | 5 6 8 9 10 | 10.2
Conjurations   | 2 3 4 5 6 7 |  7.7
Translocations | 2 |  2.0
Poison Magic   | 1 2 |  2.0
Fire Magic     | 1 2 3 4 6 7 |  7.2
Air Magic      | 1 2 3 4 |  4.0
Summonings     | 2 3 5 |  5.0
Dodging        | |  2.4
Stealth        | |  2.4

Action                   |  1- 3 |  4- 6 |  7- 9 || total
-------------------------+-------+-------+-------++-------
Melee: Dagger            |     5 |     7 |     9 ||    21
       Mace              |       |       |    12 ||    12
 Cast: Magic Dart        |   141 |   190 |   297 ||   628
       Call Imp          |       |    11 |    15 ||    26
       Blink             |       |     8 |     5 ||    13
       Mephitic Cloud    |       |     7 |    25 ||    32
       Conjure Flame     |       |     6 |    17 ||    23
       Summon Lightning  |       |       |     8 ||     8
  Use: Scroll            |       |       |    12 ||    12
       Potion            |       |       |     1 ||     1
 Stab: Confused          |       |       |     2 ||     2
Armor: Robe              |     5 |    14 |    12 ||    31
Dodge: Dodged            |    17 |    43 |    71 ||   131

Table legend: (Time is in decaauts)
 A = Elapsed time spent in this place.
 B = Non-inter-level travel time spent in this place.
 C = Inter-level travel time spent in this place.
 D = Time resting spent in this place.
 E = Time spent auto-exploring this place.
 F = Levels seen in this place.
 G = Mean time per level.
                   A        B        C        D        E       F      G
               +--------+--------+--------+--------+--------+-----+--------+
         Total |  12280 |  11722 |    558 |   4667 |   5050 |  11 | 1116.4 |
       Dungeon |  11855 |  11306 |    549 |   4476 |   4927 |   9 | 1317.2 |
        Temple |     64 |     55 |      9 |      0 |     54 |   1 |   64.0 |
         Sewer |    359 |    359 |      0 |    191 |     69 |   1 |  359.0 |
               +--------+--------+--------+--------+--------+-----+--------+

Top non-repeatable levels by time:
     D:2: 1859 daAuts
     D:1: 1730 daAuts
     D:8: 1502 daAuts
     D:6: 1442 daAuts
     D:7: 1399 daAuts
     D:4: 1373 daAuts
     D:9: 1028 daAuts
     D:3: 987 daAuts
     D:5: 532 daAuts
   Sewer: 359 daAuts
  Temple: 64 daAuts
